Map: Ruins of Seras

Players

Fayt

  • Race: Protoss Protoss

PurpleTurtle

  • Race: Protoss Protoss
  • League: Platinum

CaveMan

  • Race: Terran Terran

Qzjyu

  • Race: Terran Terran

VOD

Have the link to the VOD?

Description

Time

  • Played on: Nov. 11, 2015, 4:04 p.m.
  • Length: 12:21
Show
View Real Time Build Order
Export as new Build Order

Fayt Protoss 

Build Orders:  

Get SALT Encoding   

  12  0:01  Probe (Chrono Boost)  
  13  0:14  Pylon  
  13  0:18  Probe (Chrono Boost)  
  14  0:28  Probe (Chrono Boost)  
  15  0:38  Gateway  
  15  0:41  Probe (Chrono Boost)  
  16  0:51  Probe (Chrono Boost)  
  16  0:56  Assimilator  
  17  1:02  Probe (Chrono Boost)  
  18  1:12  Probe (Chrono Boost)  
  18  1:13  Pylon  
  19  1:23  Probe (Chrono Boost)  
  20  1:28  Cybernetics Core  
  20  1:33  Probe (Chrono Boost)  
  20  1:35  Assimilator  
  21  1:44  Probe (Chrono Boost)  
  22  1:54  Probe (Chrono Boost)  
  22  2:07  Adept  
  24  2:16  Warp Gate (Chrono Boost)  
  24  2:19  Nexus  
  24  2:33  Mothership Core  
  24  2:34  Adept  
  28  2:58  Probe  
  29  3:07  Gateway  
  29  3:10  Probe  
  30  3:17  Gateway  
  30  3:21  Stargate  
  30  3:24  Pylon  
  30  3:31  Probe  
  31  3:37  Probe  
  31  3:40  Forge  
  32  3:46  Probe  
  32  3:48  Probe  
  34  3:58  Probe  
  34  3:59  Probe  
  36  4:04  Stalker  
  36  4:06  Stalker  
  40  4:11  Oracle  
  40  4:12  Probe  
  44  4:24  Pylon  
  44  4:38  Probe  
  45  4:47  Stalker, Oracle  
  45  4:48  Stalker x2, Probe  
  45  4:50  Protoss Ground Weapons Level 1  
  55  4:54  Probe  
  56  5:00  Probe  
  56  5:06  Probe  
  58  5:12  Probe, Assimilator  
  59  5:16  Assimilator  
  59  5:19  Probe  
  60  5:21  Stalker  
  60  5:28  Pylon x2  
  62  5:30  Pylon  
  62  5:34  Probe, Robotics Facility  
  61  5:49  Stalker x2  
  65  5:50  Stalker  
  65  5:56  Pylon  
  67  6:00  Probe  
  68  6:13  Probe  
  66  6:25  Probe, Robotics Bay  
  67  6:29  Protoss Ground Armor Level 1  
  67  6:31  Pylon  
  67  6:34  Probe  
  67  6:36  Phoenix  
  70  6:40  Zealot x3  
  76  6:52  Twilight Council  
  76  6:57  Probe  
  77  7:01  Phoenix  
  79  7:12  Nexus  
  79  7:14  Pylon  
  79  7:29  Probe  
  80  7:36  Colossus  
  80  7:42  Probe  
  87  7:45  Probe  
  88  7:54  Stalker, Probe  
  88  7:55  Stalker x2  
  88  7:57  Probe  
  96  8:04  Gateway  
  96  8:06  Probe  
  96  8:09  Probe  
  96  8:18  Probe  
  97  8:20  Stalker x2  
  97  8:24  Zealot  
  103  8:30  Colossus  
  88  9:11  Stalker x3  
  85  9:37  Stalker x3  
  82  9:42  Mothership Core  
  69  10:05  Zealot  
  69  10:06  Zealot x2  
  75  10:09  Probe  
  75  10:10  Extended Thermal Lance  
  75  10:11  Void Ray  
  80  10:17  Probe  
  80  10:21  Probe  
  82  10:29  Probe (Chrono Boost)  
  82  10:34  Probe (Chrono Boost)  
  84  10:38  Assimilator  
  84  10:40  Probe (Chrono Boost)  
  84  10:41  Assimilator  
  85  10:47  Probe (Chrono Boost)  
  85  10:49  Assimilator  
  86  10:51  Probe (Chrono Boost), Zealot x2  
  86  10:52  Zealot x2  
  86  10:56  Colossus (Chrono Boost)  
  101  10:59  Probe (Chrono Boost)  
  101  11:01  Probe (Chrono Boost)  
  103  11:10  Probe (Chrono Boost)  
  104  11:12  Probe (Chrono Boost)  
  104  11:17  Pylon  
  105  11:21  Probe  
  105  11:24  Probe  
  105  11:26  Stalker x2  
  105  11:27  Stalker x2  
  113  11:33  Probe  
  103  11:57  Zealot  
  103  11:58  Zealot x2  
  103  11:59  Zealot  
Show
View Real Time Build Order
Export as new Build Order

PurpleTurtle Protoss 

Build Orders:  

Get SALT Encoding   

  12  0:01  SCV  
  13  0:13  SCV  
  14  0:19  Supply Depot  
  14  0:25  SCV  
  15  0:41  SCV  
  16  0:43  Barracks  
  16  0:53  SCV  
  16  0:55  Refinery  
  17  1:05  SCV  
  18  1:17  SCV  
  19  1:29  SCV  
  20  1:39  Reaper  
  21  1:47  Command Center  
  21  1:49  Orbital Command  
  21  2:06  Barracks  
  21  2:09  Supply Depot  
  21  2:19  Barracks Tech Lab  
  21  2:20  SCV  
  22  2:32  SCV  
  22  2:35  Refinery  
  23  2:38  Stimpack  
  23  2:40  Marine  
  24  2:44  SCV  
  25  2:54  Marine  
  25  2:56  SCV  
  27  3:03  Marauder  
  29  3:08  SCV  
  29  3:10  Orbital Command  
  30  3:21  SCV  
  31  3:29  Command Center  
  31  3:33  SCV  
  32  3:35  Marauder  
  34  3:43  Factory  
  34  3:49  SCV x2  
  34  3:54  Barracks Reactor  
  36  3:58  Marauder  
  36  4:02  SCV  
  39  4:05  SCV  
  39  4:06  Bunker  
  40  4:13  Supply Depot  
  40  4:14  SCV  
  41  4:20  SCV  
  42  4:25  Supply Depot  
  42  4:26  SCV  
  43  4:31  Marine  
  43  4:33  Starport, Marine  
  43  4:37  Marauder  
  43  4:38  SCV  
  47  4:39  Concussive Shells  
  47  4:42  Barracks  
  47  4:47  Orbital Command  
  47  4:51  SCV  
  48  4:53  SCV  
  48  4:58  Refinery  
  48  4:59  Marine  
  49  5:00  Marine  
  49  5:03  SCV  
  52  5:10  SCV  
  53  5:15  SCV  
  54  5:22  SCV  
  54  5:24  Refinery  
  54  5:28  SCV  
  56  5:30  Ghost Academy  
  56  5:34  SCV, Barracks Tech Lab, Marine x2  
  61  5:35  Marauder  
  61  5:36  Medivac  
  61  5:39  SCV  
  64  5:43  SCV  
  64  5:46  SCV  
  66  5:50  Engineering Bay  
  66  5:51  Supply Depot, Barracks  
  66  5:52  SCV  
  66  5:57  Engineering Bay, Marauder  
  68  6:00  Marine  
  68  6:01  Marine  
  68  6:02  Marauder  
  68  6:03  Supply Depot  
  68  6:04  SCV  
  65  6:19  SCV x2  
  65  6:21  SCV  
  68  6:31  SCV  
  69  6:33  SCV x2  
  69  6:36  Medivac  
  69  6:39  Marine x2  
  74  6:41  Marauder  
  74  6:42  Marine  
  74  6:43  Ghost  
  74  6:45  SCV x2  
  74  6:46  SCV  
  83  6:55  Missile Turret x2  
  83  6:56  Terran Infantry Weapons Level 1  
  83  6:58  SCV x2  
  83  6:59  Missile Turret  
  85  7:05  Missile Turret  
  85  7:09  Marauder, SCV, Medivac, Marine  
  85  7:10  SCV x2  
  93  7:18  Supply Depot  
  93  7:23  Supply Depot x2  
  93  7:38  Refinery  
  93  7:39  SCV x3, Refinery, Ghost, Marine x2  
  93  7:40  Command Center  
  100  7:46  Supply Depot, Marine x2  
  102  7:51  SCV x3  
  102  7:52  Medivac  
  102  7:54  Terran Infantry Armor Level 1  
  102  7:57  Marine  
  108  8:04  SCV, Marauder, Marine  
  112  8:16  SCV  
  113  8:21  Armory  
  113  8:22  Marine  
  114  8:27  Barracks  
  114  8:28  SCV x2, Barracks  
  114  8:34  Marine x3  
  117  8:35  Barracks, Marauder  
  117  8:40  SCV  
  117  8:41  SCV  
  123  8:52  SCV, Ghost  
  117  8:55  Ghost  
  115  9:04  SCV  
  115  9:08  Viking  
  116  9:14  Marine  
  116  9:16  SCV, Terran Infantry Weapons Level 2  
  118  9:21  Marauder  
  118  9:23  Barracks  
  119  9:24  Ghost  
  116  9:32  Marine  
  104  9:47  Marine  
  104  9:48  Marine x3  
  104  9:49  Marauder  
  104  9:50  Terran Infantry Armor Level 2  
  104  9:52  Marine x2  
  111  9:53  Marauder  
  108  10:05  Marine x2  
  106  10:08  Barracks  
  106  10:09  Ghost, Marine  
  106  10:10  Nuke, Barracks  
  106  10:11  Marine x2  
  106  10:12  Barracks, Marine  
  112  10:14  Ghost  
  112  10:16  Viking  
  112  10:20  Barracks  
  116  10:30  Marine  
  116  10:31  SCV, Marine  
  116  10:34  Marine x2  
  116  10:35  Marine  
  122  10:36  SCV x2  
  122  10:39  Combat Shields  
  124  10:47  Planetary Fortress  
  124  10:52  Supply Depot  
  124  10:56  Supply Depot x2  
  124  10:57  Supply Depot  
  124  10:58  Supply Depot x2  
  124  11:01  Refinery  
  124  11:02  Refinery  
  124  11:03  Command Center  
  124  11:04  Starport Reactor  
  124  11:14  SCV, Marauder x2, Marine x2  
  131  11:22  Barracks Reactor  
  131  11:24  Barracks Tech Lab  
  131  11:25  Marine x2  
  131  11:26  SCV  
  131  11:27  Marine  
  131  11:28  Marine  
  136  11:35  Ghost  
  136  11:36  Marauder  
  136  11:39  SCV x2  
  142  11:41  Missile Turret  
  140  12:00  SCV x2  
  145  12:01  Missile Turret  
  138  12:21  Sensor Tower  
Show
View Real Time Build Order
Export as new Build Order

CaveMan Terran 

Build Orders:  

Get SALT Encoding   

Show
View Real Time Build Order
Export as new Build Order

Qzjyu Terran 

Build Orders:  

Get SALT Encoding   

Tags
 
Add a new tag
Caveats
  • Supply blocks, unpowered buildings, or Contaminate may cause inaccurate times.
  • Supply counts are checked every 10 seconds.